 Dungeon Crawl Stone Soup version 0.21.1-1-g345015f (webtiles) character file.

184 tidbits the Grave Robber (level 5, -2/37 HPs)
             Began as a Gnoll Necromancer on June 20, 2018.
             Slain by an ogre
             ... wielding a +0 giant spiked club
              (21 damage)
             ... on level 5 of the Dungeon.
             The game lasted 00:05:39 (498 turns).

tidbits the Grave Robber (Gnoll Necromancer)         Turns: 498, Time: 00:05:39

Health: -2/37      AC:  6    Str: 10    XL:     5   Next: 64%
Magic:  2/12       EV: 14    Int: 19    God:
Gold:   76         SH:  0    Dex: 15    Spells: 9/14 levels left

rFire    . . .     SeeInvis .   e - -3 dagger (curse)
rCold    . . .     Gourm    .   (no shield)
rNeg     . . .     Faith    .   B - +2 leather armour {rPois}
rPois    +         Spirit   .   (no helmet)
rElec    .         Reflect  .   (no cloak)
rCorr    .         Harm     .   G - +0 pair of gloves
MR       .....                  (no boots)
Stlth    +++.......             (no amulet)
HPRegen  0.12/turn              (no ring)
MPRegen  0.13/turn              (no ring)

@: no status effects
A: distributed training, fangs 1, strong nose
a: no special abilities


You were on level 5 of the Dungeon.
You were not hungry.

You visited 1 branch of the dungeon, and saw 5 of its levels.

You collected 76 gold pieces.

Inventory:

Hand Weapons
 d - a +0 whip
 e - a cursed -3 dagger (weapon)
 g - a +0 spear
Missiles
 h - 38 arrows
Armour
 a - a +0 robe
 j - a +0 ring mail
 B - a +2 leather armour of poison resistance (worn)
   (You took it off an orc on level 3 of the Dungeon)
 G - a +0 pair of gloves (worn)
Scrolls
 f - a scroll of identify
Books
 b - a book of Necromancy

   Spells                             Type                      Level
   a - Pain                           Necromancy                   1
   b - Animate Skeleton               Necromancy                   1
   c - Vampiric Draining              Necromancy                   3
   d - Regeneration                   Charms/Necromancy            3
   e - Animate Dead                   Necromancy                   4
   f - Borgnjor's Vile Clutch         Necromancy/Earth             5
Comestibles
 c - 3 rations


   Skills:
 + Level 1.5 Fighting
 + Level 1.5 Short Blades
 + Level 1.5 Long Blades
 + Level 1.5 Axes
 + Level 1.5 Maces & Flails
 + Level 1.5 Polearms
 + Level 1.5 Staves
 + Level 1.5 Slings
 + Level 1.5 Bows
 + Level 1.5 Crossbows
 + Level 1.5 Throwing
 + Level 1.5 Armour
 + Level 4.8 Dodging
 + Level 4.4 Stealth
 + Level 1.5 Shields
 + Level 1.5 Unarmed Combat
 + Level 5.2 Spellcasting
 + Level 1.2 Conjurations
 + Level 1.2 Hexes
 + Level 1.2 Charms
 + Level 1.2 Summonings
 + Level 7.2 Necromancy
 + Level 1.2 Translocations
 + Level 1.2 Transmutations
 + Level 1.2 Fire Magic
 + Level 1.2 Ice Magic
 + Level 1.2 Air Magic
 + Level 1.2 Earth Magic
 + Level 1.2 Poison Magic
 + Level 1.7 Invocations
 + Level 1.5 Evocations


You had 9 spell levels left.
You knew the following spells:

 Your Spells              Type           Power        Failure   Level  Hunger
a - Pain                  Necr           ####         1%          1    None
n - Animate Skeleton      Necr           N/A          1%          1    None
r - Regeneration          Chrm/Necr      ###.......   9%          3    ##.....


Dungeon Overview and Level Annotations

Branches:
Dungeon (5/15)
 Temple: D:4-7

Altars:

Annotations:
D:2 Sigmund


Innate Abilities, Weirdness & Mutations

Your experience applies equally to all skills.
You have very sharp teeth.
Your uncanny sense of smell can sniff out nearby items.


Message History

Confirm with . or Enter, or press ? or * to list all spells.
Aiming: Pain
Press: ? - help, Shift-Dir - straight line, f/p - kobold
Aim: a kobold, wielding a dagger (moderately wounded, chance to defeat MR: 93%)
The kobold writhes in agony!
You kill the kobold!
Items here: ))))) †
Items here: $ )) [ a club; a leather armour; 11 gold pieces; a club You now have 76 gold pieces (gained 11).
An ogre comes into view. It is wielding a giant spiked club.
The ogre shouts!
Casting: Pain
Confirm with . or Enter, or press ? or * to list all spells.
Aiming: Pain
Press: ? - help, Shift-Dir - straight line, f - ogre
Aim: an ogre, wielding a giant spiked club (chance to defeat MR: 84%)
The ogre writhes in agony!
Casting: Pain
Confirm with . or Enter, or press ? or * to list all spells.
Aiming: Pain
Press: ? - help, Shift-Dir - straight line, f/p - ogre
Aim: an ogre, wielding a giant spiked club (moderately wounded, chance to defeat MR: 84%)
The ogre writhes in agony!
Casting: Pain
Confirm with . or Enter, or press ? or * to list all spells.
Aiming: Pain
Press: ? - help, Shift-Dir - straight line, f/p - ogre
Aim: an ogre, wielding a giant spiked club (moderately wounded, chance to defeat MR: 84%)
You miscast Pain.
You are very lightly contaminated with residual magic.
Nothing appears to happen.
Casting: Pain
Confirm with . or Enter, or press ? or * to list all spells.
Aiming: Pain
Press: ? - help, Shift-Dir - straight line, f/p - ogre
Aim: an ogre, wielding a giant spiked club (moderately wounded, chance to defeat MR: 84%)
The ogre writhes in agony!
Casting: Pain
Confirm with . or Enter, or press ? or * to list all spells.
Aiming: Pain
Press: ? - help, Shift-Dir - straight line, f/p - ogre
Aim: an ogre, wielding a giant spiked club (moderately wounded, chance to defeat MR: 84%)
The ogre writhes in agony!
The ogre hits you with a giant spiked club.
Casting: Pain
Confirm with . or Enter, or press ? or * to list all spells.
Aiming: Pain
Press: ? - help, Shift-Dir - straight line, f/p - ogre
Aim: an ogre, wielding a giant spiked club (heavily wounded, chance to defeat MR: 84%)
The ogre writhes in agony!
Casting: Pain
Confirm with . or Enter, or press ? or * to list all spells.
Aiming: Pain
Press: ? - help, Shift-Dir - straight line, f/p - ogre
Aim: an ogre, wielding a giant spiked club (severely wounded, chance to defeat MR: 84%)
The ogre writhes in agony!
The ogre hits you with a giant spiked club.
* * * LOW HITPOINT WARNING * * *
Casting: Pain
Confirm with . or Enter, or press ? or * to list all spells.
Aiming: Pain
Press: ? - help, Shift-Dir - straight line, f/p - ogre
Aim: an ogre, wielding a giant spiked club (almost dead, chance to defeat MR: 84%)
The ogre writhes in agony!
The ogre barely misses you.
Casting: Pain
Confirm with . or Enter, or press ? or * to list all spells.
You don't have enough magic to cast that spell.
Casting: Pain
Confirm with . or Enter, or press ? or * to list all spells.
Aiming: Pain
Press: ? - help, Shift-Dir - straight line, f/p - ogre
Aim: an ogre, wielding a giant spiked club (almost dead, chance to defeat MR: 84%)
The ogre writhes in agony!
You kill the ogre!
You have reached level 5!
You see here a giant spiked club.
A worker ant comes into view.
You open the door.
There is an open door here.
Your magical contamination has completely faded away.
You open the door.
Found a stone staircase leading down.
There is an open door here.
A worker ant comes into view.
There is a stone staircase leading down here.
You climb downwards.
An ogre comes into view. It is wielding a giant spiked club.
Found 3 scrolls labeled CISUGA GOOH.
Found a stone staircase leading up.
There is a stone staircase leading up here.
Wield which item (- for none, * to show all)? (? for menu, Esc to quit)
It sticks to your hand!
e - a cursed -3 dagger (weapon)
The helpless ogre fails to defend itself.
You impale the ogre!!
The ogre is heavily wounded.
The ogre hits you with a giant spiked club!!
Ouch! That really hurt!
You die...

..?.<. .....
.#..... .....
....... #.....
....... #......
.......#.......
...............
.......O...#
.......@..#
.#...........#
#............#
.........###..#
.#####.### ..
#. # #. #.


You could see an ogre.

Vanquished Creatures
  An ogre (D:4)
  An orc wizard (D:3)
  An orc priest (D:3)
  2 oozes
  A worm (D:4)
  A dart slug (D:3)
  A leopard gecko (D:1)
  3 orcs (D:3)
  4 hobgoblins
  3 bats
  A frilled lizard (D:1)
  6 kobolds
  2 rats
27 creatures vanquished.

Notes
Turn   | Place    | Note
-------+----------+-------------------------------------------
     0 | D:1      | tidbits the Gnoll Necromancer began the quest for the Orb.
     0 | D:1      | Reached XP level 1. HP: 13/13 MP: 6/6
   162 | D:1      | Reached XP level 2. HP: 12/19 MP: 5/7
   165 | D:1      | Learned a level 1 spell: Animate Skeleton
   176 | D:2      | Noticed Sigmund
   301 | D:3      | Reached skill level 5 in Spellcasting
   301 | D:3      | Reached skill level 1 in Invocations
   301 | D:3      | Reached XP level 3. HP: 18/25 MP: 4/9
   306 | D:3      | Learned a level 3 spell: Regeneration
   314 | D:3      | Reached skill level 1 in Fighting
   314 | D:3      | Reached skill level 1 in Short Blades
   314 | D:3      | Reached skill level 1 in Long Blades
   314 | D:3      | Reached skill level 1 in Axes
   314 | D:3      | Reached skill level 1 in Maces & Flails
   314 | D:3      | Reached skill level 1 in Polearms
   314 | D:3      | Reached skill level 1 in Staves
   314 | D:3      | Reached skill level 1 in Slings
   314 | D:3      | Reached skill level 1 in Bows
   314 | D:3      | Reached skill level 1 in Crossbows
   314 | D:3      | Reached skill level 1 in Throwing
   314 | D:3      | Reached skill level 1 in Armour
   314 | D:3      | Reached skill level 1 in Shields
   314 | D:3      | Reached skill level 1 in Unarmed Combat
   314 | D:3      | Reached skill level 1 in Evocations
   314 | D:3      | Reached XP level 4. HP: 20/32 MP: 1/11
   383 | D:4      | Noticed a big kobold
   418 | D:4      | Reached skill level 1 in Conjurations
   418 | D:4      | Reached skill level 1 in Hexes
   418 | D:4      | Reached skill level 1 in Charms
   418 | D:4      | Reached skill level 1 in Summonings
   418 | D:4      | Reached skill level 1 in Translocations
   418 | D:4      | Reached skill level 1 in Transmutations
   418 | D:4      | Reached skill level 1 in Fire Magic
   418 | D:4      | Reached skill level 1 in Ice Magic
   418 | D:4      | Reached skill level 1 in Air Magic
   418 | D:4      | Reached skill level 1 in Earth Magic
   418 | D:4      | Reached skill level 1 in Poison Magic
   465 | D:4      | Noticed an ogre
   478 | D:4      | Killed an ogre
   478 | D:4      | Reached XP level 5. HP: 18/37 MP: 0/12
   496 | D:5      | Entered Level 5 of the Dungeon
   496 | D:5      | Noticed an ogre
   498 | D:5      | Slain by an ogre

Skill      XL: |  1  2  3  4 |
---------------+-------------+-----
Spellcasting   | 5 |  5.2
Invocations    | 1 |  1.7
Fighting       | 1 |  1.5
Short Blades   | 1 |  1.5
Long Blades    | 1 |  1.5
Axes           | 1 |  1.5
Maces & Flails | 1 |  1.5
Polearms       | 1 |  1.5
Staves         | 1 |  1.5
Slings         | 1 |  1.5
Bows           | 1 |  1.5
Crossbows      | 1 |  1.5
Throwing       | 1 |  1.5
Armour         | 1 |  1.5
Shields        | 1 |  1.5
Unarmed Combat | 1 |  1.5
Evocations     | 1 |  1.5
Conjurations   | 1 |  1.2
Hexes          | 1 |  1.2
Charms         | 1 |  1.2
Summonings     | 1 |  1.2
Translocations | 1 |  1.2
Transmutations | 1 |  1.2
Fire Magic     | 1 |  1.2
Ice Magic      | 1 |  1.2
Air Magic      | 1 |  1.2
Earth Magic    | 1 |  1.2
Poison Magic   | 1 |  1.2
Dodging        | |  4.8
Stealth        | |  4.4
Necromancy     | |  7.2

Action                   |  1- 3 |  4- 6 || total
-------------------------+-------+-------++-------
Melee: Spear             |     9 |     8 ||    17
       Unarmed           |       |    23 ||    23
       Bite              |       |     1 ||     1
       Dagger            |       |     1 ||     1
 Cast: Pain              |    22 |    14 ||    36
       Regeneration      |     1 |       ||     1
  Use: Potion            |     2 |     1 ||     3
       Scroll            |       |     2 ||     2
 Stab: Sleeping          |     1 |     1 ||     2
Armor: Robe              |     3 |       ||     3
       Skin              |       |    18 ||    18
       Leather armour    |       |     1 ||     1
Dodge: Dodged            |     6 |    11 ||    17

Table legend:
 A = Turns spent in this place as a percentage of turns spent in the entire game.
 B = Non-inter-level travel turns spent in this place as a percentage of non-inter-level travel turns spent in the entire game.
 C = Inter-level travel turns spent in this place as a percentage of turns spent in this place.
 D = Turns resting spent in this place as a percentage of non-inter-level travel turns spent in this place.
 E = Turns spent auto-exploring this place as a percentage of non-inter-level travel turns spent in this place.
 F = Non-inter-level travel turns spent in this place divided by the number of levels of this place that you've seen.
                   A       B       C       D       E      F
               +-------+-------+-------+-------+-------+----------------------
         Total | 100.0 | 100.0 |   1.8 |   0.0 |   0.0 |  97.8
       Dungeon | 100.0 | 100.0 |   1.8 |   0.0 |   0.0 |  97.8
               +-------+-------+-------+-------+-------+----------------------

Table legend:
 A = Kills in this place as a percentage of kills in entire the game.
 B = Kills by you in this place as a percentage of kills by you in the entire game.
 C = Kills by friends in this place as a percentage of kills by friends in the entire game.
 D = Other kills in this place as a percentage of other kills in the entire game.
 E = Experience gained in this place as a percentage of experience gained in the entire game.
 F = Experience gained in this place divided by the number of levels of this place that you have seen.
                   A       B       C       D       E      F
               +-------+-------+-------+-------+-------+----------------------
         Total | 100.0 | 100.0 |   N/A |   N/A | 100.0 |  52.8
       Dungeon | 100.0 | 100.0 |   N/A |   N/A | 100.0 |  52.8
               +-------+-------+-------+-------+-------+----------------------

Vault maps used:
D:1:      matt_arrival_spirals, supply_closet_lemuel
D:2:      xom_teletrap_fun, uniq_robin, uniq_sigmund
D:3:      portal_sewer_entry_d, minmay_liquid_box
D:4:      cheibrodos_thug_alley
D:5:      first_ration, kennysheep_opposing_triangles
